 Dungeon Crawl Stone Soup version 0.28-a0-983-g1de4e0787c (webtiles) character file.

Game seed: 10137027772779363687

4573 siradein the Fighter (level 10, -2/80 HPs)
             Began as a Demonspawn Fighter on Dec 3, 2021.
             Was a Follower of Makhleb.
             Slain by a warg (10 damage)
             ... on level 8 of the Dungeon.
             The game lasted 00:30:15 (9680 turns).

siradein the Fighter (Demonspawn Fighter)           Turns: 9680, Time: 00:30:16

Health: -2/80      AC: 13    Str: 20    XL:     10   Next: 18%
Magic:  12/12      EV: 17    Int: 11    God:    Makhleb [*.....]
Gold:   392        SH:  0    Dex: 12    Spells: 9/9 levels left

rFire   . . .      SeeInvis .   c - +0 battleaxe
rCold   . . .      Faith    .   (shield currently unavailable)
rNeg    . . .      Spirit   .   G - +3 scale mail
rPois   .          Reflect  .   A - +0 helmet
rElec   .          Harm     .   F - +0 cloak
rCorr   .          Rampage  .   (no gloves)
Will    .....                   (no boots)
Stlth   +.........              j - amulet of the acrobat
HPRegen 0.23/turn               q - +4 ring of evasion
MPRegen 0.13/turn               r - ring of flight

@: flying
A: hooves 1, foul stench 2, sturdy frame 2, mutation resistance 1, MP-powered
wands
a: Renounce Religion


You were on level 8 of the Dungeon.
You worshipped Makhleb.
Makhleb was aware of your devotion.
You visited 2 branches of the dungeon, and saw 10 of its levels.
You also visited: Ossuary.

You collected 392 gold pieces.

Inventory:

Hand Weapons
 c - a +0 battleaxe (weapon)
 C - a +1 spear of venom
Missiles
 b - 5 javelins (quivered)
 x - 2 throwing nets
Armour
 A - a +0 helmet (worn)
 F - a +0 cloak (worn)
 G - a +3 scale mail (worn)
Jewellery
 j - an amulet of the acrobat (around neck)
 q - a +4 ring of evasion (left hand)
 r - a ring of flight (right hand)
Wands
 h - a wand of iceblast (19)
Scrolls
 a - 6 scrolls of teleportation
 e - 3 scrolls of blinking
 f - 4 scrolls of magic mapping
 i - a scroll of fog
 k - 4 scrolls of enchant weapon
 n - 2 scrolls of immolation
 s - a scroll of holy word {unknown}
 w - 3 scrolls of enchant armour
 y - 2 scrolls of silence
 B - a scroll of fear {unknown}
Potions
 d - 5 potions of might
 g - a potion of heal wounds
 l - a potion of experience {unknown}
 m - 4 potions of curing
 o - a potion of berserk rage
 p - 2 potions of haste
 u - 2 potions of lignification
 D - a potion of degeneration {unknown}
 E - a potion of brilliance {unknown}
 H - a potion of resistance {unknown}


   Skills:
 + Level 8.0 Fighting
 + Level 6.9 Axes
 + Level 7.2 Armour
 + Level 6.2 Dodging
 - Level 3.3 Shields
 + Level 3.6 Invocations


You had 9 spell levels left.
You didn't know any spells.
Your spell library contained the following spells:

 Spells                   Type           Power      Damage    Failure   Level
 Foxfire                  Conj/Fire      0%         2x1d4     43%         1
 Pain                     Necr           0%         1d4       43%         1
 Shock                    Conj/Air       0%         1d3       43%         1
 Summon Small Mammal      Summ           0%         N/A       43%         1
 Call Canine Familiar     Summ           0%         N/A       82%         3
 Conjure Flame            Conj/Fire      0%         6-21      82%         3
 Ignite Poison            Fire/Tmut/Pois 0%         N/A       82%         3
 Inner Flame              Hex/Fire       0%         N/A       82%         3
 Mephitic Cloud           Conj/Pois/Air  0%         N/A       82%         3
 Summon Guardian Golem    Hex/Summ       0%         N/A       82%         3
 Swiftness                Air            0%         N/A       82%         3
 Airstrike                Air            0%         N/A       99%         4
 Flame Wave               Conj/Fire      0%         2d4       99%         4
 Agony                    Necr           0%         N/A       100%        5
 Excruciating Wounds      Necr           0%         N/A       100%        5
 Freezing Cloud           Conj/Ice/Air   0%         6-21      100%        5


Dungeon Overview and Level Annotations

Branches:
Dungeon (9/15)             Temple (1/1) D:7         Ossuary (visited)
   Lair: D:8-11         Orc: D:9-12

Altars:
Ashenzari
Fedhas
Hepliaklqana
Makhleb
Ru
Vehumet
Wu Jian
Yredelemnul
The Shining One

Shops:
D:1 *   D:6 *([

Annotations:
D:7 1 runed translucent door


Innate Abilities, Weirdness & Mutations

You have large cloven feet.
You sometimes emit foul miasma when damaged in melee.
Your movements are less encumbered by armour. (ER -4)
You are somewhat resistant to further mutation.
You expend magic power (3 MP) to strengthen your wands.


Message History

The warg closely misses you. The wight closely misses you. The warg bites you.
* * * LOW HITPOINT WARNING * * *
The wight completely misses you. The warg bites you but does no damage.
The wight completely misses you.
Things that are here:
a +2 dagger of flaming; a stone The warg completely misses you.
The warg completely misses you. The warg completely misses you.
The warg completely misses you. The warg completely misses you.
The warg bites you.
* * * LOW HITPOINT WARNING * * *
You emit a cloud of foul miasma!
The warg is engulfed in dark miasma.
The warg stops to sniff the ground.
The warg completely misses you. The warg completely misses you.
The warg stops to sniff the ground.
The warg completely misses you. The warg bites you but does no damage.
The warg completely misses you. The warg barely misses you.
You feel yourself speed up. The warg bites you but does no damage.
The warg misses you. The warg completely misses you.
The warg bites you but does no damage.
You barely miss the warg.
The warg is moderately wounded.
The warg bites you but does no damage.
You hit the warg but do no damage. You kick the warg.
The warg is moderately wounded.
The warg bites you.
* * * LOW HITPOINT WARNING * * *
You emit a cloud of foul miasma!
The warg is engulfed in dark miasma.
The warg seems to slow down.
The warg stops to sniff the ground.
The warg bites you!
You die...

########## #........#
######.######.# ##
#...........#@# ##.
#.####.####.#h# #..
#.#.......#.#z# #### #..
#)#.##.##.#.#.####### #..###..
###.#.#...#.#.#...z...###...#...
#......._.......###....###..#..#
#.#.#.#...#.#.#.#####.......##.#
#.#.#.##)##.#.#...###...........
#.#.#.......#.#....##........#..


You could see a warg (slow) and a wight.

Vanquished Creatures
  A two-headed ogre (D:7)
  Pikel (D:4)
  2 kobold demonologists (D:8)
  A hornet (D:7)
  2 steam dragons
  A warg (D:8)
  2 ice beasts
  A sky beast (D:5)
  2 orc warriors (D:8)
  2 centaurs (D:6)
  5 bullfrogs
  2 elf zombies (Ossuary)
  2 scorpions
  2 wyvern zombies
  3 wights (D:8)
  2 centaur zombies
  7 hounds
  A human zombie (Ossuary)
  A centaur skeleton (D:5)
  A jelly (D:4)
  A gnoll shaman (D:4)
  2 orc priests
  2 bullfrog skeletons (D:5)
  An iguana (D:4)
  Crazy Yiuf (D:7)
  2 orc wizards (D:8)
  A killer bee zombie (D:7)
  A hound zombie (Ossuary)
  A hound skeleton (D:5)
  4 mummies (Ossuary)
  A howler monkey zombie (D:7)
  8 gnolls
  6 adders
  A white imp (D:4)
  2 ufetubi
  An adder zombie (D:4)
  A dart slug (D:3)
  3 worms
  31 orcs
  10 bats
  10 endoplasms
  3 giant cockroaches
  4 goblins
  14 hobgoblins
  3 jackals (D:1)
  3 quokkas
  4 ball pythons
  5 frilled lizards
  A goblin zombie (Ossuary)
  A hobgoblin zombie (Ossuary)
  3 jackal zombies
  9 kobolds
  A kobold zombie (Ossuary)
  3 orc zombies (Ossuary)
  5 rats
190 creatures vanquished.

Vanquished Creatures (others)
  A goblin (D:9)
  4 demonic plants (D:1)
  A plant (D:1)
  4 toadstools (D:1)
  A withered plant (D:1)
11 creatures vanquished.

Grand Total: 201 creatures vanquished

Notes
Turn   | Place    | Note
-------+----------+-------------------------------------------
     0 | D:1      | siradein the Demonspawn Fighter began the quest for the
                  | Orb.
     0 | D:1      | Reached XP level 1. HP: 18/18 MP: 1/1
   443 | D:1      | Gained mutation: You may rarely emit foul miasma when
                  | damaged in melee. [demonic ancestry]
   443 | D:1      | Reached XP level 2. HP: 21/24 MP: 2/2
   489 | D:1      | Found Girch's Assorted Antiques.
   534 | D:1      | Found a faded altar of an unknown god.
  1425 | D:2      | Reached XP level 3. HP: 29/29 MP: 3/3
  1993 | D:3      | Reached XP level 4. HP: 25/35 MP: 4/4
  3027 | D:4      | Noticed a scorpion
  3036 | D:4      | Killed a scorpion
  3037 | D:4      | Reached XP level 5. HP: 11/42 MP: 5/5
  3042 | D:4      | Gained mutation: You possess an exceptional clarity of
                  | mind. [potion of mutation]
  3042 | D:4      | Gained mutation: You are weak. (Str -2) [potion of
                  | mutation]
  3042 | D:4      | Gained mutation: You are frail. (-10% HP) [potion of
                  | mutation]
  3045 | D:4      | Lost mutation: You are frail. (-10% HP) [potion of
                  | mutation]
  3045 | D:4      | Lost mutation: You possess an exceptional clarity of mind.
                  | [potion of mutation]
  3045 | D:4      | Lost mutation: You are weak. (Str -2) [potion of mutation]
  3045 | D:4      | Gained mutation: You expend magic power (3 MP) to
                  | strengthen your wands. [potion of mutation]
  3045 | D:4      | Gained mutation: You are somewhat resistant to further
                  | mutation. [potion of mutation]
  3358 | D:4      | Reached skill level 1 in Dodging
  3512 | D:4      | Reached skill level 4 in Fighting
  3515 | D:4      | HP: 1/42 [iguana (9)]
  4231 | D:4      | Gained mutation: You sometimes emit foul miasma when
                  | damaged in melee. [demonic ancestry]
  4231 | D:4      | Reached XP level 6. HP: 46/48 MP: 6/6
  4300 | D:4      | Found a blossoming altar of Fedhas.
  4704 | D:5      | Entered Level 5 of the Dungeon
  5044 | D:5      | Gained mutation: You have large cloven feet. [demonic
                  | ancestry]
  5044 | D:5      | Reached XP level 7. HP: 55/55 MP: 7/7
  5300 | D:5      | Reached skill level 5 in Fighting
  5476 | D:5      | Noticed Pikel
  5509 | D:4      | Killed Pikel
  5510 | D:4      | Reached skill level 5 in Armour
  5510 | D:4      | Gained mutation: Your movements are slightly less
                  | encumbered by armour. (ER -2) [demonic ancestry]
  5510 | D:4      | Reached XP level 8. HP: 46/63 MP: 8/8
  5898 | D:6      | Reached skill level 5 in Axes
  5999 | D:6      | Found Metocu's Elemental Accessories.
  6058 | D:6      | Found Xoat's Antique Weapon Boutique.
  6100 | D:6      | Found Ysycisy's Antique Armour Shoppe.
  6107 | D:6      | Reached skill level 6 in Fighting
  6180 | D:6      | Found a sand-covered staircase.
  6183 | Ossuary  | Entered an ossuary
  6932 | D:7      | Noticed a two-headed ogre
  6950 | D:7      | Killed a two-headed ogre
  6951 | D:7      | Reached skill level 5 in Dodging
  6951 | D:7      | Gained mutation: Your movements are less encumbered by
                  | armour. (ER -4) [demonic ancestry]
  6951 | D:7      | Reached XP level 9. HP: 19/71 MP: 9/9
  7289 | D:7      | Found a runed translucent door.
  7294 | D:7      | Found a basalt altar of Yredelemnul.
  7343 | D:7      | Paralysed by a hornet for 2 turns
  7346 | D:7      | Reached skill level 7 in Fighting
  7647 | D:7      | Found a staircase to the Ecumenical Temple.
  7675 | D:7      | Found a runed translucent door.
  7697 | Temple   | Entered the Ecumenical Temple
  7701 | Temple   | Became a worshipper of Makhleb the Destroyer
  8389 | D:7      | Noticed Crazy Yiuf
  8490 | D:7      | Killed Crazy Yiuf
  8546 | D:8      | Reached skill level 1 in Invocations
  8554 | D:8      | Reached * piety under Makhleb
  9182 | D:8      | Found a sacrificial altar of Ru.
  9379 | D:9      | Found a radiant altar of Vehumet.
  9448 | D:9      | Noticed a kobold demonologist
  9449 | D:9      | Noticed a kobold demonologist
  9554 | D:8      | Killed a kobold demonologist
  9555 | D:8      | Reached XP level 10. HP: 74/80 MP: 12/12
  9559 | D:8      | Noticed a soul eater
  9650 | D:8      | Reached skill level 8 in Fighting
  9680 | D:8      | Slain by a warg

Illustrated notes

Levels and vault maps discovered:
D:1:      ldierk_walled_garden_2, layout_basic, serial_co_window_serial,
          co_window_paths_a, co_window_corner_a, co_window_corner_a,
          co_window_paths_a, co_window_paths_a, co_window_of_opportunity_a,
          co_window_of_opportunity_a, co_window_unsneaky_path_b,
          co_window_broadway_a, co_window_unsneaky_path_d, glass_columns_a,
          glass_columns_a, shapermc_ecumenical_altar_gd, serial_shops,
          shop_statue, minmay_hedge_maze, chequers_serial_rivers_micro_c
D:2:      layout_basic, bh_walls_and_bars
D:3:      layout_loops_ring, grunt_ministairs_7
D:4:      minmay_bubble_buster, layout_rooms, fedhas_ov_isle_minmay
D:5:      layout_loops_ring, uniq_pikel
D:6:      layout_basic, serial_shops, nicolae_shop_statue_plus,
          nicolae_shop_crystal, lightli_ossuary_entry_decrepit_ruins,
          nicolae_elemental_shop
D:7:      layout_gridville, dk_yredelemnul_ordeal,
          minmay_temple_entry_antechambers,
          nicolae_concentric_dashed_squares_mild, kennysheep_dice,
          uniq_crazy_yiuf_cottage
D:8:      layout_cave_pools, nicolae_ru_sacrificial_ziggurat,
          kennysheep_mini_moat, special_room [special_room_orc], minivault_19
D:9:      layout_long_grid, vehumet_altar_wand_db, minmay_orc_entry_guard_dogs
Temple:   zaba_magenta_temple

Skill      XL: |  1  2  3  4  5  6  7  8  9 10 |
---------------+-------------------------------+-----
Axes           | 2 3 4 5 6 |  6.9
Shields        | 3 |  3.3
Armour         | 3 4 5 6 7 |  7.2
Dodging        | 1 2 3 5 6 |  6.2
Fighting       | 4 5 6 7 8 |  8.0
Invocations    | 3 |  3.6

Action                   |  1- 3 |  4- 6 |  7- 9 | 10-12 || total
-------------------------+-------+-------+-------+-------++-------
Melee: War axe           |   125 |    37 |       |       ||   162
       Battleaxe         |       |   125 |   244 |    25 ||   394
       Kick              |       |       |    86 |     6 ||    92
       Spear             |       |       |    19 |       ||    19
Throw: Javelin           |       |       |     5 |       ||     5
       Throwing net      |       |       |     3 |       ||     3
  Use: Potion            |       |     4 |       |       ||     4
       Scroll            |       |     8 |     7 |       ||    15
Armor: Scale mail        |    36 |       |    28 |    17 ||    81
       Chain mail        |    26 |    96 |   128 |       ||   250
Dodge: Dodged            |    87 |   124 |   304 |    63 ||   578
Block: Buckler           |    39 |     5 |       |       ||    44

Table legend: (Time is in decaauts)
 A = Elapsed time spent in this place.
 B = Non-inter-level travel time spent in this place.
 C = Inter-level travel time spent in this place.
 D = Time resting spent in this place.
 E = Time spent auto-exploring this place.
 F = Levels seen in this place.
 G = Mean time per level.
                   A        B        C        D        E       F      G
               +--------+--------+--------+--------+--------+-----+--------+
         Total |   9951 |   9691 |    260 |   1184 |   6710 |  11 |  904.6 |
       Dungeon |   9512 |   9253 |    259 |   1184 |   6389 |   9 | 1056.9 |
        Temple |      8 |      8 |      0 |      0 |      0 |   1 |    8.0 |
       Ossuary |    429 |    429 |      0 |      0 |    321 |   1 |  429.0 |
               +--------+--------+--------+--------+--------+-----+--------+

Top non-repeatable levels by time:
     D:7: 1828 daAuts
     D:4: 1609 daAuts
     D:3: 1419 daAuts
     D:5: 1084 daAuts
     D:1: 1040 daAuts
     D:8: 1018 daAuts
     D:2: 852 daAuts
     D:6: 606 daAuts
 Ossuary: 429 daAuts
     D:9: 51 daAuts
  Temple: 8 daAuts
